 Dungeon Crawl Stone Soup version 0.29-a0-371-g91724d5b39 (webtiles) character file.

Game seed: 6786955048607647421

77968 Bruhh the Prestidigitator (level 16, -7/113 HPs)
             Began as a Djinni Earth Elementalist on May 3, 2022.
             Was a Believer of Jiyva.
             Killed from afar by a lich (13 damage)
             ... with a bolt of cold
             ... on level 2 of the Abyss.
             The game lasted 01:16:23 (34283 turns).

Bruhh the Prestidigitator (DjEE)                   Turns: 34283, Time: 01:16:24

Health: -7/113     AC: 11    Str:  7    XL:     16   Next: 6%
Gold:   1670       EV: 15    Int: 29    God:    Jiyva [**....] SH: 16 Dex: 15

rFire   + . .      SeeInvis .   O - staff of earth
rCold   + . .      Faith    .   U - +0 kite shield
rNeg    + . .      Spirit   .   D - +1 steam dragon scales
rPois   ∞          Reflect  +   P - +3 hat of Pondering {ponderous, Will+ MP+10 Int+5}
rElec   .          Harm     .   (no cloak)
rCorr   +          Rampage  .   (no gloves)
Will    ++...                   (boots unavailable)
Stlth   ++........              H - amulet "Raloa" {Reflect rPois rC+ rN+ SH+5}
HPRegen 1.24/turn               o - +4 ring of evasion
MPRegen 0.00/turn               l - ring of ice

@: flying, slowed, very slow
A: sickness immunity, fire resistance 2, cold vulnerability 1, float, innate
caster, HP casting, extra vitality 1, agile 1, dopey 1, mutation resistance 1,
MP-powered wands
a: Renounce Religion


You were on level 2 of the Abyss.
You worshipped Jiyva.
Jiyva was pleased with you.
You visited 6 branches of the dungeon, and saw 22 of its levels.
You visited the Abyss 1 time.

You collected 1852 gold pieces.
You spent 182 gold pieces at shops.

Inventory:

Hand Weapons
 J - a +2 falchion of freezing
Missiles
 a - 512 stones
 y - 2 throwing nets
 C - 28 poisoned darts
Armour
 b - a +0 robe
 D - +1 steam dragon scales (worn)
 P - the +3 hat of Pondering (worn) {ponderous, Will+ MP+10 Int+5}
   (You took it off Gastronok on level 11 of the Dungeon)

   Int:       It affects your intelligence (+5).
   MP:        It affects your magic capacity (+10).
   Will:      It increases your willpower.
 U - a +0 kite shield (worn)
Magical Staves
 O - a staff of earth (weapon)
Jewellery
 l - a ring of ice (right hand)
 o - a +4 ring of evasion (left hand)
 H - the amulet "Raloa" (around neck) {Reflect rPois rC+ rN+ SH+5}
   (You acquired it on level 1 of the Lair of Beasts)

   [amulet of reflection]

   It reflects blocked missile attacks.
   rC:        It protects you from cold.
   rPois:     It protects you from poison.
   rN:        It protects you from negative energy.
   SH:        It affects your SH (+5).
 M - an amulet of faith
 N - the ring of Democracy {Wiz Contam rPois rF- rCorr}
   (You found it on level 10 of the Dungeon)

   [ring of wizardry]

   It improves your spell success rate.
   rF:        It makes you vulnerable to fire.
   rPois:     It protects you from poison.
   Contam:    It causes magical contamination when unequipped.
   rCorr:     It protects you from acid and corrosion.
 S - an amulet of reflection
Wands
 t - a wand of flame (54)
 u - a wand of mindburst (13)
 E - a wand of acid (5)
 G - a wand of iceblast (29)
 K - a wand of paralysis (9)
 Q - a wand of digging (10)
Scrolls
 d - 5 scrolls of vulnerability
 f - 4 scrolls of magic mapping
 g - 3 scrolls of teleportation
 i - 7 scrolls of enchant armour
 k - 5 scrolls of identify
 p - 2 scrolls of amnesia
 q - 2 scrolls of torment
 r - 3 scrolls of enchant weapon
 z - 2 scrolls of fear
 A - 5 scrolls of immolation
 R - 3 scrolls of silence
 T - 3 scrolls of fog {unknown}
 V - a scroll of holy word {unknown}
Potions
 c - 2 potions of degeneration
 e - 2 potions of ambrosia
 j - 5 potions of cancellation
 m - 3 potions of flight
 n - 2 potions of might
 s - a potion of brilliance
 v - 3 potions of curing
 w - a potion of attraction
 x - 3 potions of heal wounds
 B - 2 potions of resistance
 F - 2 potions of lignification
 I - a potion of magic
 L - 3 potions of haste
 Y - a potion of berserk rage {unknown}
Miscellaneous
 W - a phial of floods
 X - a lightning rod (4/4)


   Skills:
 + Level 10.2 Fighting
 - Level 10.0 Armour
 - Level 2.1 Dodging
 - Level 1.5 Stealth
 + Level 10.2 Shields
 - Level 12.0 Spellcasting
 - Level 10.0 Invocations
 - Level 12.0 Evocations


You had 5 spell levels left.
You knew the following spells:

 Your Spells              Type           Power      Damage    Failure   Level
a - Sandblast             Erth           100%       2d20      1%          1
b - Passwall              Tmut/Erth      76%        N/A       1%          2
c - Stone Arrow           Conj/Erth      100%       3d13      1%          3
d - Petrify               Tmut/Erth      92%        N/A       1%          4
e - Freeze                Ice            100%       1d11      1%          1
f - Blink                 Tloc           100%       N/A       1%          2
g - Call Canine Familiar  Summ           72%        N/A       1%          3
h - Frozen Ramparts       Ice            100%       1d12      1%          3
i - Summon Ice Beast      Ice/Summ       92%        N/A       1%          4
j - Borgnjor's Vile Clut  Necr/Erth      46%        N/A       1%          5
k - Dispersal             Tloc           36%        N/A       8%          6
Your spell library was empty.

Dungeon Overview and Level Annotations

Branches:
Dungeon (11/15)            Temple (1/1) D:5            Lair (6/6) D:11
 Shoals (0/4) Lair:2        Snake (0/4) Lair:4        Slime (1/5) Lair:6
    Orc (2/2) D:11            Elf (1/3) Orc:2

Altars:
Ashenzari
Cheibriados
Dithmenos
Elyvilon
Fedhas
Gozag
Hepliaklqana
Kikubaaqudgha
Makhleb
Nemelex Xobeh
Okawaru
Qazlal
Ru
Sif Muna
Trog
Uskayaw
Vehumet
Wu Jian
Xom
Yredelemnul
Zin
The Shining One
Jiyva

Shops:
D:5 [   D:7 =   Orc:2 *?(*

Annotations:
D:3 3 runed translucent doors, Viceroy's ghost, amateur OgBe
D:9 2 transporters, Viceroy's ghost, novice FoFi
Lair:2 3 runed translucent doors, brujo666's ghost, journeyman GnHu
Lair:3 3 runed translucent doors, IndexError's ghost, journeyman GnIE
Elf:1 4 runed translucent doors


Innate Abilities, Weirdness & Mutations

You are immune to sickness and miasma.
You are immune to poison.
Your flesh is very heat resistant. (rF++)
You are vulnerable to cold. (rC-)
You float through the air rather than walking.
You learn spells naturally, not from books.
Your magical power is your life essence.
You have superior vitality. (+4 MHP)
You are agile. (Dex +2)
You are dopey. (Int -2)
You are somewhat resistant to further mutation.
You expend health (3 HP) to strengthen your wands.


Message History

Something touches you!
* * * LOW HITPOINT WARNING * * *
The ancient zyme attacks as you move away!
You block the ancient zyme's attack. The ancient zyme hits you!
* * * LOW HITPOINT WARNING * * *
Something touches you but does no damage.
Okay, then.
You feel much better. The ancient zyme misses you. The ancient zyme hits you!
* * * LOW HITPOINT WARNING * * *
You hear some strange, mumbled words.
A bolt of cold appears from out of thin air!
The bolt of cold misses you. The ancient zyme completely misses you.
You block the ancient zyme's attack. Something touches you.
* * * LOW HITPOINT WARNING * * *
Casting: Dispersal (dangerous; 8% risk of failure)
Confirm with . or Enter, or press ? or * to list all spells.
Casting: Dispersal (dangerous; 8% risk of failure)
Press: ? - help, Dir - look around, f - activate The ancient zyme blinks!
The tentacled starspawn blinks!
The raiju disappears!
The flying skull disappears!
* * * LOW HITPOINT WARNING * * *
You block the ancient zyme's attack. The ancient zyme closely misses you.
The ancient zyme attacks as you move away!
The ancient zyme closely misses you. You block the ancient zyme's attack.
The ancient zyme hits you.
* * * LOW HITPOINT WARNING * * *
You block the ancient zyme's attack.
The ancient zyme hits you but does no damage.
The ancient zyme completely misses you.
A spatial vortex comes into view.
A tentacle flies out from the starspawn's body!
The ancient zyme hits you but does no damage.
You block the ancient zyme's attack.
A starspawn tentacle comes into view.
Something touches you!
* * * LOW HITPOINT WARNING * * *
You hear some strange, mumbled words.
A bolt of cold appears from out of thin air!
The bolt of cold hits you! You resist.
You die...

...xh.x. ...# .#.
.. .#. .#.
.######.#.#
.......##.# # #
#...##v#### #.#.
####h..w...# ....
##.#...X.#.#..
#..#.#x4###......
#..@.{#.## ...##
######..# # #.#
### ..## ..# ..


You could see a tentacled starspawn, a spatial vortex (wandering), an ancient
zyme, a raiju, a chaos spawn and a starspawn tentacle.

Vanquished Creatures
  Gastronok (D:11)
  Snorg (D:11)
  A deep elf death mage (Elf:1)
  A fire dragon (Lair:6)
  A boulder beetle (Lair:6)
  9 hydras
  Erolcha (D:10)
  A dancing weapon (Elf:1)
  11 death yaks
  6 orc high priests (Orc:2)
  Nergalle (Lair:2)
  5 deep elf knights
  5 deep elf archers (Elf:1)
  A lindwurm (Lair:6)
  An ugly thing (D:9)
  3 orc knights (Orc:2)
  An orc sorcerer (Orc:1)
  12 deep elf pyromancers
  8 deep elf zephyrmancers
  2 cyclopes (D:11)
  An oklob plant (Lair:4)
  9 elephants
  3 gargoyles
  12 cane toads
  7 black mambas
  2 molten gargoyles (Lair:6)
  A torpor snail (Lair:6)
  An unseen horror (D:10)
  13 komodo dragons
  A kobold demonologist (Elf:1)
  2 rime drakes
  A polar bear (Lair:3)
  3 trolls
  2 hornets
  3 blink frogs (Lair:2)
  5 dream sheep (Lair:6)
  A wraith (D:10)
  42 yaks
  8 wyverns
  2 basilisks
  5 steam dragons
  2 wargs
  4 hell hounds (Lair:6)
  18 water moccasins
  An ice beast (D:8)
  32 orc warriors
  A sky beast (D:6)
  23 wolves
  4 black bears
  2 ogres (Orc:2)
  A boggart (Elf:1)
  A phantom (D:5)
  6 centaurs
  4 kobold brigands
  14 bullfrogs
  3 scorpions
  2 gnoll sergeants
  A necrophage (D:5)
  14 wights
  9 killer bees
  5 howler monkeys
  5 lava snakes (Lair:6)
  3 gnoll shamans
  22 orc priests
  A hound (D:6)
  3 iguanas
  11 orc wizards
  6 adders
  23 gnolls
  3 shadow imps
  2 white imps
  An ufetubus (D:5)
  3 dart slugs
  64 orcs
  7 endoplasms
  4 giant cockroaches
  15 goblins
  4 hobgoblins
  14 jackals
  25 kobolds
  7 quokkas
  6 ball pythons
  6 bats
  A frilled lizard (D:3)
  4 rats
583 creatures vanquished.

Vanquished Creatures (collateral kills)
  2 death yaks (Lair:5)
  2 orc warriors (Orc:2)
  An orc wizard (Orc:2)
  An orc (Orc:2)
6 creatures vanquished.

Vanquished Creatures (others)
  A glowing orange brain (Abyss:2)
  2 deep elf pyromancers (Elf:1)
  An orc warrior (Orc:2)
  29 jellies
  2 orcs (Orc:2)
  89 fungi
  98 plants
  19 starspawn tentacles (Abyss:2)
241 creatures vanquished.

Grand Total: 830 creatures vanquished

Notes
Turn   | Place    | Note
-------+----------+-------------------------------------------
     0 | D:1      | Bruhh the Djinni Earth Elementalist began the quest for the
                  | Orb.
     0 | D:1      | Reached XP level 1. HP: 15/15 MP: 0/0
   111 | D:1      | Reached XP level 2. HP: 3/21 MP: 0/0
   683 | D:1      | Reached XP level 3. HP: 24/25 MP: 0/0
   683 | D:1      | Learned a level 1 spell: Freeze
   789 | D:1      | Found a faded altar of an unknown god.
  1510 | D:2      | Reached XP level 4. HP: 28/31 MP: 0/0
  2118 | D:3      | Noticed a bullfrog
  2120 | D:3      | Killed a bullfrog
  2121 | D:3      | Reached XP level 5. HP: 34/35 MP: 0/0
  2121 | D:3      | Learned a level 2 spell: Blink
  2614 | D:3      | Found a runed translucent gate.
  2618 | D:3      | Found a runed translucent gate.
  2619 | D:3      | Found a runed translucent gate.
  2662 | D:3      | Noticed Viceroy's ghost (amateur OgBe)
  3031 | D:4      | Reached XP level 6. HP: 30/40 MP: 0/0
  3177 | D:4      | Reached skill level 5 in Spellcasting
  4190 | D:5      | Entered Level 5 of the Dungeon
  4582 | D:5      | Reached XP level 7. HP: 32/45 MP: 0/0
  4582 | D:5      | Learned a level 3 spell: Call Canine Familiar
  4790 | D:5      | HP: 2/45 [gnoll sergeant/+0 spear (13)]
  4813 | D:5      | HP: 1/45 [gnoll sergeant/+0 spear (5)]
  5586 | D:5      | Found Ogri's Antique Armour Boutique.
  5735 | D:5      | Found a staircase to the Ecumenical Temple.
  5749 | Temple   | Entered the Ecumenical Temple
  6493 | Temple   | Became a worshipper of Elyvilon the Healer
  6732 | D:5      | Reached XP level 8. HP: 44/50 MP: 0/0
  8000 | D:6      | Reached * piety under Elyvilon
  8207 | D:7      | Noticed a five-headed hydra
  8581 | D:7      | Reached skill level 1 in Fighting
  9082 | D:7      | Reached XP level 9. HP: 23/62 MP: 0/0
  9082 | D:7      | Learned a level 3 spell: Frozen Ramparts
  9299 | D:7      | Killed a five-headed hydra
  9514 | D:7      | Found Ufih's Jewellery Shop.
 10380 | D:7      | Reached XP level 10. HP: 26/77 MP: 0/0
 11005 | D:8      | Reached ** piety under Elyvilon
 11378 | D:8      | Reached skill level 10 in Fighting
 11378 | D:8      | Reached skill level 1 in Invocations
 12420 | D:8      | Found a basalt altar of Yredelemnul.
 12475 | D:8      | Reached skill level 5 in Invocations
 12906 | D:9      | Found a transporter.
 13137 | D:9      | Noticed a komodo dragon
 13138 | D:9      | Noticed a moth of wrath
 13176 | D:9      | Reached *** piety under Elyvilon
 13329 | D:9      | Found a glowing silver altar of Zin.
 13405 | D:9      | Noticed a green ugly thing
 13412 | D:9      | Killed a green ugly thing
 13413 | D:9      | Reached XP level 11. HP: 61/85 MP: 0/0
 13413 | D:9      | Learned a level 4 spell: Summon Ice Beast
 13565 | D:9      | Found a transporter.
 13573 | D:9      | Noticed Viceroy's ghost (novice FoFi)
 14361 | D:10     | Entered Level 10 of the Dungeon
 14388 | D:10     | Identified the ring of Democracy {Wiz Contam rPois rF-
                  | rCorr}
 14423 | D:10     | Reached **** piety under Elyvilon
 14538 | D:10     | Noticed a deep elf pyromancer
 14542 | D:10     | Noticed a deep elf pyromancer
 14544 | D:10     | Killed a deep elf pyromancer
 14548 | D:10     | Killed a deep elf pyromancer
 14549 | D:10     | Noticed a deep elf zephyrmancer
 14875 | D:10     | Noticed Erolcha
 14879 | D:10     | Reached skill level 10 in Invocations
 14883 | D:9      | Reached skill level 1 in Armour
 15152 | D:10     | Killed Erolcha
 15337 | D:10     | Noticed a deep elf pyromancer
 15339 | D:10     | Killed a deep elf pyromancer
 15399 | D:10     | Reached skill level 5 in Armour
 15538 | D:10     | Killed a deep elf zephyrmancer
 16058 | D:11     | Noticed a deep elf pyromancer
 16412 | D:11     | Killed a deep elf pyromancer
 16413 | D:11     | Reached XP level 12. HP: 41/91 MP: 0/0
 16866 | D:11     | Noticed Snorg
 16887 | D:11     | Elyvilon protects you from harm!
 16887 | D:11     | HP: 4/91 [Snorg (6)]
 16888 | D:11     | Killed Snorg
 17307 | D:11     | Noticed Gastronok
 17345 | D:11     | Killed Gastronok
 17589 | D:11     | Found a staircase to the Lair.
 17725 | D:11     | Found a staircase to the Orcish Mines.
 17897 | D:11     | Reached skill level 10 in Armour
 18117 | D:11     | Reached skill level 1 in Evocations
 18519 | Lair:1   | Entered Level 1 of the Lair of Beasts
 18905 | Lair:1   | Noticed a seven-headed hydra
 19131 | Lair:1   | Identified a scroll of acquirement
 19135 | Lair:1   | Acquired the amulet "Raloa" {Reflect rPois rC+ rN+ SH+5}
 19172 | Lair:1   | Reached skill level 5 in Evocations
 19843 | Lair:2   | Noticed Nergalle
 19848 | Lair:2   | Reached XP level 13. HP: 80/96 MP: 0/0
 19848 | Lair:2   | Learned a level 5 spell: Borgnjor's Vile Clutch
 19854 | Lair:2   | Killed Nergalle
 20528 | Lair:2   | Found a runed translucent gate.
 20528 | Lair:2   | Found a runed translucent gate.
 20528 | Lair:2   | Found a runed translucent gate.
 20531 | Lair:2   | Noticed brujo666's ghost (journeyman GnHu)
 20531 | Lair:2   | Noticed a ten-headed hydra
 20733 | Lair:2   | Found a staircase to the Shoals.
 21440 | Lair:2   | Reached skill level 1 in Shields
 21584 | Lair:3   | Noticed a four-headed hydra
 21592 | Lair:3   | Killed a four-headed hydra
 21753 | Lair:3   | Noticed a five-headed hydra
 21760 | Lair:3   | Killed a five-headed hydra
 22171 | Lair:3   | Noticed IndexError's ghost (journeyman GnIE)
 22312 | Lair:3   | Reached skill level 5 in Shields
 22978 | Lair:3   | Noticed a seven-headed hydra
 22991 | Lair:3   | Killed a seven-headed hydra
 23344 | Lair:3   | Found a runed translucent gate.
 23345 | Lair:3   | Found a runed translucent gate.
 23346 | Lair:3   | Found a runed translucent gate.
 24256 | Lair:4   | Reached XP level 14. HP: 81/103 MP: 0/0
 24361 | Lair:4   | Gained mutation: You are dopey. (Int -2) [potion of
                  | mutation]
 24361 | Lair:4   | Gained mutation: You are agile. (Dex +2) [potion of
                  | mutation]
 24361 | Lair:4   | Gained mutation: You expend health (3 HP) to strengthen
                  | your wands. [potion of mutation]
 24361 | Lair:4   | Gained mutation: You are somewhat resistant to further
                  | mutation. [potion of mutation]
 25387 | Lair:4   | Reached skill level 10 in Shields
 25854 | Lair:4   | Found a staircase to the Snake Pit.
 26276 | Lair:5   | Reached ***** piety under Elyvilon
 26993 | Lair:6   | Entered Level 6 of the Lair of Beasts
 28062 | Lair:6   | Reached skill level 10 in Spellcasting
 28452 | Lair:6   | Found a staircase to the Slime Pits.
 28452 | Lair:6   | Found a viscous altar of Jiyva.
 28626 | Lair:6   | Fell from the grace of Elyvilon
 28629 | Lair:6   | Became a worshipper of Jiyva Jiphealo the Shapeless
 28905 | Lair:6   | Found a large runed translucent door.
 28905 | Lair:6   | Found a large runed translucent door.
 29755 | Lair:6   | Reached XP level 15. HP: 75/107 MP: 0/0
 29755 | Lair:6   | Learned a level 6 spell: Dispersal
 29758 | Lair:6   | Reached skill level 10 in Evocations
 31264 | Slime:1  | Entered Level 1 of the Pits of Slime
 31264 | Slime:1  | Noticed an azure jelly
 31277 | Slime:1  | Noticed a rockslime
 31329 | Slime:1  | Noticed an azure jelly
 31641 | Orc:1    | Entered Level 1 of the Orcish Mines
 31885 | Orc:2    | Entered Level 2 of the Orcish Mines
 31885 | Orc:2    | Found a staircase to the Elven Halls.
 31908 | Orc:2    | Reached * piety under Jiyva
 32527 | Orc:2    | Reached ** piety under Jiyva
 32684 | Orc:2    | Found Qatad's General Store.
 32684 | Orc:2    | Found Vopado's General Store.
 32685 | Orc:2    | Found Xougrato's Magic Scroll Shoppe.
 32685 | Orc:2    | Found Taasez's Weapon Emporium.
 32697 | Orc:2    | Bought a scroll of teleportation for 51 gold pieces
 32697 | Orc:2    | Bought a scroll of teleportation for 51 gold pieces
 32711 | Orc:2    | Bought a potion of heal wounds for 80 gold pieces
 32786 | Elf:1    | Entered Level 1 of the Elven Halls
 32786 | Elf:1    | Noticed a deep elf sorcerer
 32786 | Elf:1    | Found a runed translucent gate.
 32786 | Elf:1    | Found a runed translucent gate.
 32786 | Elf:1    | Found a runed translucent gate.
 32786 | Elf:1    | Found a runed translucent gate.
 32786 | Elf:1    | Found a runed translucent gate.
 32786 | Elf:1    | Found a runed translucent gate.
 32787 | Elf:1    | Found a runed translucent door.
 32957 | Elf:1    | Found a runed translucent door.
 33924 | Elf:1    | Reached XP level 16. HP: 40/113 MP: 0/0
 34111 | Elf:1    | Noticed a deep elf sorcerer
 34115 | Elf:1    | Cast into level 2 of the Abyss (a deep elf sorcerer)
 34226 | Abyss:2  | Noticed a tentacled starspawn
 34248 | Abyss:2  | Noticed a lich
 34283 | Abyss:2  | HP: 4/113 [something (10)]
 34283 | Abyss:2  | Killed from afar by a lich

Illustrated notes

Levels and vault maps discovered:
D:1:      mainiacjoe_arrival_reflecting_pool, layout_loops_ring,
          hellmonk_ecumenical_altar_pennies_from_heaven
D:2:      layout_basic, grunt_ministairs_6
D:3:      layout_loops_ring, gammafunk_ghost_icy
D:4:      layout_loops_corners, nicolae_figureground_sparkle
D:5:      layout_gridville, minmay_temple_entry_drinking_statues, serial_shops,
          shop, chequers_serial_rivers_large_b
D:6:      layout_basic, minmay_fountain_box
D:7:      layout_rooms, serial_shops, shop
D:8:      layout_cave_pods, marbit_many_paths, due_unseen_surprise
D:9:      layout_small_grid, zin_treasury, gammafunk_ghost_berserking_beasts,
          kennysheep_generic_room_13
D:10:     layout_small_grid, enter_bailey_3, bh_hangedman_babel_library,
          uniq_erolcha
D:11:     layout_loops_ring, due_lair_maze_entry_diamond, david_orc_2,
          gauntlet_entry_generic, minmay_unpleasant_kobolds, uniq_snorg,
          uniq_gastronok
Temple:   mainiacjoe_temple_cubbyholes
Lair:1:   layout_gridlike, cheibrodos_lair_reptile_den
Lair:2:   layout_misc_corridors, minmay_shoals_entry_centaurs,
          gammafunk_ghost_hydra_chop, serial_rivers,
          chequers_serial_rivers_small_3, chequers_serial_rivers_micro_d,
          chequers_serial_rivers_large_a, chequers_serial_rivers_room_b,
          chequers_serial_rivers_micro_c, uniq_nergalle
Lair:3:   layout_chaotic_city, gammafunk_ghost_split
Lair:4:   layout_gridlike, dummy_snake_entry
Lair:5:   layout_regular_city
Lair:6:   cheibrodos_lair_end_hotspot, layout_hall_layers, slime_altar_1
Slime:1:  layout_caves
Orc:1:    layout_caves
Orc:2:    st_orc_pillars, layout_caves
Elf:1:    nicolae_elf_arrival_dilemma, layout_gridlike, hangedman_elf_disciples,
          hex_intersection, nicolae_elf_stone_circles
Abyss:2:  base:
Vaults:4

Skill      XL: |  1  2  3  4  5  6  7  8  9 10 11 12 13 14 15 |
---------------+----------------------------------------------+-----
Spellcasting   | 3 4 5 6 8 10 12 | 12.0
Fighting       | 3 8 10 | 10.2
Invocations    | 7 10 | 10.0
Armour         | 6 10 | 10.0
Evocations     | 5 8 9 12 | 12.0
Shields        | 8 10 | 10.2
Dodging        | |  2.1
Stealth        | |  1.5

Action                   |  1- 3 |  4- 6 |  7- 9 | 10-12 | 13-15 | 16-18 || total
-------------------------+-------+-------+-------+-------+-------+-------++-------
Melee: Unarmed           |     3 |     1 |     1 |       |       |       ||     5
       Staff             |       |       |       |     1 |     9 |       ||    10
 Cast: Sandblast         |    53 |    45 |       |    19 |    21 |       ||   138
       Stone Arrow       |       |    30 |   149 |   262 |   544 |     9 ||   994
       Call Canine Famil |       |       |     1 |       |     2 |       ||     3
       Frozen Ramparts   |       |       |     1 |     6 |    13 |     1 ||    21
       Summon Ice Beast  |       |       |       |     1 |     5 |       ||     6
       Blink             |       |       |       |     1 |     3 |       ||     4
       Borgnjor's Vile C |       |       |       |       |    59 |     4 ||    63
       Passwall          |       |       |       |       |     1 |       ||     1
       Freeze            |       |       |       |       |     5 |       ||     5
       Dispersal         |       |       |       |       |     1 |     7 ||     8
Invok: Heal Self         |       |       |       |     2 |    11 |       ||    13
       Divine Vigour     |       |       |       |       |     1 |       ||     1
       Renounce Religion |       |       |       |       |     1 |       ||     1
Evoke: Wand              |       |       |       |     1 |     3 |       ||     4
       Phial of floods   |       |       |       |       |     1 |       ||     1
  Use: Scroll            |       |       |       |    13 |     9 |       ||    22
       Potion            |       |       |       |     1 |    16 |     1 ||    18
Armor: Robe              |     5 |     2 |     4 |       |       |       ||    11
       Steam dragon scal |       |       |     9 |    19 |    69 |    11 ||   108
Dodge: Dodged            |    15 |    25 |    28 |    92 |   167 |    17 ||   344
Block: Kite shield       |       |       |       |       |   230 |    29 ||   259
       Other             |       |       |       |       |     5 |       ||     5
       Reflection        |       |       |       |       |    22 |     1 ||    23

Table legend: (Time is in decaauts)
 A = Elapsed time spent in this place.
 B = Non-inter-level travel time spent in this place.
 C = Inter-level travel time spent in this place.
 D = Time resting spent in this place.
 E = Time spent auto-exploring this place.
 F = Levels seen in this place.
 G = Mean time per level.
                   A        B        C        D        E       F      G
               +--------+--------+--------+--------+--------+-----+--------+
         Total |  34929 |  33886 |   1043 |   6231 |  24161 |  23 | 1518.7 |
       Dungeon |  17845 |  17386 |    459 |   3303 |  12592 |  11 | 1622.3 |
        Temple |    780 |    715 |     65 |    410 |    302 |   1 |  780.0 |
          Lair |  13287 |  12883 |    404 |   1833 |   9776 |   6 | 2214.5 |
    Slime Pits |    236 |    219 |     17 |      0 |    213 |   1 |  236.0 |
  Orcish Mines |   1927 |   1837 |     90 |    685 |    746 |   2 |  963.5 |
   Elven Halls |    657 |    651 |      6 |      0 |    417 |   1 |  657.0 |
         Abyss |    194 |    194 |      0 |      0 |    113 |   1 |  194.0 |
               +--------+--------+--------+--------+--------+-----+--------+

Top non-repeatable levels by time:
  Lair:6: 3681 daAuts
     D:6: 2684 daAuts
  Lair:3: 2674 daAuts
     D:4: 2149 daAuts
  Lair:4: 2089 daAuts
     D:9: 2030 daAuts
     D:8: 1925 daAuts
    D:11: 1866 daAuts
    D:10: 1830 daAuts
  Lair:2: 1821 daAuts
   Orc:2: 1672 daAuts
  Lair:5: 1590 daAuts
  Lair:1: 1429 daAuts
     D:7: 1419 daAuts
     D:1: 1153 daAuts
